 Dungeon Crawl Stone Soup version 0.18.1-5-g4a78601 (webtiles) character file.

1070596 Liquid the Conqueror (level 27, -6/214 HPs)
             Began as a Gargoyle Fighter on May 11, 2016.
             Was a High Priest of the Shining One.
             Mangled by a wolf spider (18 damage)
             ... on level 14 of a ziggurat on May 12, 2016.
             The game lasted 06:07:27 (75088 turns).

Liquid the Conqueror (Gargoyle Fighter)            Turns: 75088, Time: 06:07:28

Health: -6/214     AC: 12    Str: 31    XL:     27
Magic:  8/40       EV: 10    Int: 21    God:    the Shining One [*****.]
Gold:   10973      SH: 44    Dex: 19    Spells: 2 memorised, 37 levels left

rFire  + + .     SeeInvis +     R - +9 eveningstar (holy)
rCold  + . .     Gourm    .     m - +8 gold dragon armour
rNeg   + + +     Faith    .     y - +0 large shield
rPois  ∞         Spirit   .     r - +2 helmet {Int+3}
rElec  +         Dismiss  .     G - +2 cloak {MR+}
rCorr  +         Reflect  .     u - +0 pair of gloves "Limyts" {rElec rN+ Int+3 Slay+2}
SustAt .         Harm     .     t - +1 pair of boots
MR     ++++.     Clarity  +     p - amulet of Vitality {Regen+ HP+15}
Stlth  ..........               E - ring of the Good {MR+ Int+4 Slay+5}
                                b - ring "Rammot" {rCorr Dex+6 Slay+3}

@: divine shield, corroded, flying, glowing, incredibly resistant to hostile
enchantments, extremely unstealthy
A: big wings, claws 1, talons 1, see invisible, berserk 1, blink, clarity,
clever 1, deformed body, fire resistance 1, negative energy resistance 1, shaggy
fur 1, electricity resistance, strong 1, wild magic 1, unbreathing,
petrification resistance, rot immunity, AC +20
a: Stop Flying, Blink, Divine Shield, Cleansing Flame, Summon Divine Warrior,
Renounce Religion
}: 9/15 runes: serpentine, barnacled, slimy, silver, golden, obsidian, icy,
bone, abyssal


You were on level 14 of a ziggurat.
You worshipped the Shining One.
The Shining One was extremely pleased with you.
You were completely stuffed.

You visited 17 branches of the dungeon, and saw 87 of its levels.
You visited the Abyss 1 time.
You visited 1 ziggurat, and saw 14 of its levels.
You also visited: Labyrinth, Sewer, Ice Cave and Wizlab.

You collected 14233 gold pieces.
You spent 3260 gold pieces at shops.

Inventory:

Hand Weapons
 R - a +9 eveningstar of holy wrath (weapon)
Armour
 m - a +8 gold dragon armour (worn)
 r - a +2 helmet of intelligence (worn)
 t - a +1 pair of boots (worn)
 u - the +0 pair of gloves "Limyts" (worn) {rElec rN+ Int+3 Slay+2}
   (You found it on level 5 of the Vaults)

   It affects your intelligence (+3).
   It affects your accuracy and damage with ranged weapons and melee attacks
   (+2).
   It insulates you from electricity.
   It protects you from negative energy.
 y - a +0 large shield (worn)
 G - a +2 cloak of magic resistance (worn)
Jewellery
 b - the ring "Rammot" (left hand) {rCorr Dex+6 Slay+3}
   (You took it off a frost giant on level 7 of Cocytus)

   [ring of resist corrosion]

   It affects your dexterity (+6).
   It affects your accuracy and damage with ranged weapons and melee attacks
   (+3).
 l - the ring "Wyutid" {rN+ MR++ Int+2 Dex-3 Stlth+}
   (You found it on level 5 of the Vaults)

   [ring of intelligence]

   It affects your intelligence (+2).
   It affects your dexterity (-3).
   It protects you from negative energy.
   It affects your resistance to hostile enchantments.
   It makes you more stealthy.
 n - the ring "Femim" {*Drain rN++ Int+5 Slay+3}
   (You bought it in a shop on level 2 of the Elven Halls)

   [ring of intelligence]

   It affects your intelligence (+5).
   It affects your accuracy and damage with ranged weapons and melee attacks
   (+3).
   It greatly protects you from negative energy.
   It causes draining when unequipped.
 o - the ring of Agic {rElec rF+ rC+++ Str-5 Int-2}
   (You found it on level 3 of the Crypt)

   [ring of protection from fire]

   It affects your strength (-5).
   It affects your intelligence (-2).
   It protects you from fire.
   It renders you almost immune to cold.
   It insulates you from electricity.
 p - the amulet of Vitality (around neck) {Regen+ HP+15}
   (You found it on level 3 of the Tomb of the Ancients)

   [amulet of regeneration]

   It affects your health (+15).
   It increases your rate of regeneration.
 q - the ring "Ycuser" {rPois MR- EV+4 Dex+7 Slay+3}
   (You found it on level 13 of a ziggurat)

   [ring of evasion]

   It affects your evasion (+4).
   It affects your dexterity (+7).
   It affects your accuracy and damage with ranged weapons and melee attacks
   (+3).
   It protects you from poison.
   It affects your resistance to hostile enchantments.
 B - an uncursed ring of resist corrosion
 E - the ring of the Good (right hand) {MR+ Int+4 Slay+5}
   (You found it on level 3 of the Tomb of the Ancients)

   [ring of protection from magic]

   It affects your intelligence (+4).
   It affects your accuracy and damage with ranged weapons and melee attacks
   (+5).
   It affects your resistance to hostile enchantments.
 Q - the ring "Panikhlocal" {rElec MR+ MP+9 Slay+6}
   (You found it on level 1 of the Shoals)

   [ring of magical power]

   It affects your accuracy and damage with ranged weapons and melee attacks
   (+6).
   It insulates you from electricity.
   It affects your resistance to hostile enchantments.
   It affects your magic capacity (+9).
 X - an uncursed ring of sustain attributes
 Y - the amulet "Dumoerph" {Spirit rElec Str+3 Dex+4 Stlth+}
   (You bought it in a shop on level 2 of the Elven Halls)

   [amulet of guardian spirit]

   It causes incoming damage to be split between your health and magic.
   It affects your strength (+3).
   It affects your dexterity (+4).
   It insulates you from electricity.
   It makes you more stealthy.
 Z - the amulet "Dinaemyo" {Reflect Str+5 SH+4}
   (You bought it in a shop on level 2 of the Elven Halls)

   [amulet of reflection]

   It shields you and reflects attacks.
   It affects your strength (+5).
   It affects your SH (+4).
Wands
 i - a wand of digging (5/24)
 x - a wand of heal wounds (1/9)
 F - a wand of heal wounds (4/9)
 N - a wand of teleportation (4/9)
Scrolls
 c - 2 scrolls of holy word
 g - 2 scrolls of silence
 s - 2 scrolls of identify
 v - 5 scrolls of blinking
 z - 7 scrolls of enchant weapon
 A - a scroll of magic mapping
 C - 20 scrolls of remove curse
 H - 8 scrolls of fear
 I - 15 scrolls of teleportation
 L - 11 scrolls of fog
 M - 2 scrolls of brand weapon
 O - 5 scrolls of amnesia
 W - 4 scrolls of summoning
Potions
 a - 2 potions of cure mutation
 d - 2 potions of magic
 e - 8 potions of agility
 h - 31 potions of curing
 k - 10 potions of brilliance
 D - 2 potions of resistance
 J - a potion of haste
 K - 7 potions of cancellation
 S - 2 potions of might
Comestibles
 f - 33 bread rations
 j - 30 meat rations
 P - a beef jerky


   Skills:
 O Level 27 Fighting
 O Level 27 Maces & Flails
 O Level 27 Armour
 * Level 3.1 Dodging
 O Level 27 Shields
 - Level 11.8 Spellcasting
 - Level 8.2 Charms
 - Level 7.6 Necromancy
 - Level 6.4 Air Magic
 O Level 27 Invocations


You had 37 spell levels left.
You knew the following spells:

 Your Spells              Type           Power        Failure   Level  Hunger
a - Regeneration          Chrm/Necr      ######....   6%          3    None
b - Tornado               Air            ######....   100%        9    #######


Dungeon Overview and Level Annotations

Branches:
Dungeon (15/15)            Temple (1/1) D:7            Lair (8/8) D:10
 Shoals (4/4) Lair:3        Snake (4/4) Lair:4        Slime (6/6) Lair:7
    Orc (2/2) D:12            Elf (3/3) Orc:2        Vaults (5/5) D:13
  Crypt (3/3) Vaults:3       Tomb (3/3) Crypt:3      Depths (5/5) D:15
   Hell (1/1)                 Dis (7/7) Hell            Geh (7/7) Hell
    Coc (7/7) Hell            Tar (7/7) Hell            Zot (0/5) Depths:5

Altars:
Ashenzari
Cheibriados
Dithmenos
Elyvilon
Fedhas
Gozag
Kikubaaqudgha
Makhleb
Nemelex Xobeh
Okawaru
Pakellas
Qazlal
Ru
Sif Muna
Trog
Vehumet
Xom
Yredelemnul
Zin
The Shining One
Lugonu

Shops:
D:5 [   D:6 *   Orc:2 }:!(!   Elf:2 =   Vaults:1 =   Vaults:3 [   Depths:2 (

Portals:
Hell: Depths:1 Depths:2 Depths:3 Depths:4 Depths:5
Abyss: Depths:4
Pandemonium: Orc:2 Depths:2 Depths:3


Innate Abilities, Weirdness & Mutations

You are resistant to torment.
Your stone body is resilient (AC +20).
You are immune to poison.
Your large and strong wings let you fly indefinitely.
You resist negative energy.
You are resistant to electric shocks.
You can survive without breathing.
You are immune to petrification.
You are immune to rotting.
You have sharp fingernails.
You have sharp toenails.
You have supernaturally acute eyesight.
You tend to lose your temper in combat.
You can translocate small distances at will.
You possess an exceptional clarity of mind.
Your mind is acute. (Int +2)
Armour fits poorly on your strangely shaped body.
Your flesh is heat resistant.
You are covered in fur (AC +1).
Your muscles are strong. (Str +2)
Your spells are a little harder to cast, but a little more powerful.


Message History

* * * LOW HITPOINT WARNING * * *
You impale the entropy weaver!!
You kill the entropy weaver!
You block the tarantella's attack.
Your shield is strengthened by the Shining One's divine power.
You feel slightly less full. You block the hornet's attack.
You block the tarantella's attack. The wolf spider hits you!
* * * LOW HITPOINT WARNING * * *
The wolf spider bites you!
* * * LOW HITPOINT WARNING * * *
You block the tarantella's attack.
Evoke which item? (* to show all) (? for menu, Esc to quit)
Zapping:
x - a wand of heal wounds (2/9)
Press: ? - help, Shift-Dir - straight line, f - you You feel much better.
This wand has 1 charge left.
You block the wolf spider's attack. x2; You block the hornet's attack. x2
The tarantella bites you!
* * * LOW HITPOINT WARNING * * *
The wolf spider hits you!!
You die...

▓▓▓▓▓▓▓▓▓ ........▓
.....s....▓
▓...........▓
▓▓▓▓...........▓▓▓▓▓▓▓▓
.................†....▓
p..............ys.††..▓
§s....#.....#..y@s....▓
...s...........s......▓
.....s................▓
\.....s...........s..∩▓
........§.............▓
......................▓
....p.#.....#.........▓
......................▓
......................▓


You could see a wolf spider, 2 hornets, an orb spider (fleeing), 2 tarantellas
and a redback.

Vanquished Creatures
  Antaeus (Coc:7)
  Asmodeus (Geh:7)
  Ereshkigal (Tar:7)
  the Royal Jelly (Slime:6)
  the Serpent of Hell (Geh:7)
  Khufu (Tomb:3)
  Mara (Crypt:2)
  4 juggernauts (Zig:12)
  2 ancient liches
  A pandemonium lord (Zig:3)
  Sojobo (Vaults:2)
  Boris (twice) (Vaults:2 Depths:3)
  38 greater mummies
  4 shard shrikes
  Vashnia (Snake:4)
  A caustic shrike (Depths:2)
  Geryon (Hell)
  5 golden dragons
  Jory (Crypt:1)
  2 profane servitors
  4 iron giants
  the Enchantress (Depths:3)
  20 Tzitzimimeh
  7 bone dragons
  5 doom hounds
  13 Brimstone Fiends
  19 liches
  5 tentacled monstrosities
  Jorgrun (Elf:3)
  3 Hell Sentinels (Dis:7)
  15 Ice Fiends
  4 deep elf blademasters
  3 deep elf master archers
  5 quicksilver dragons
  Asterion (Depths:3)
  26 acid blobs
  A kraken (Shoals:3)
  9 titans
  9 sphinxes
  8 ancient champions
  A thorn hunter (Abyss:3)
  Polyphemus (Shoals:4)
  Agnes (Snake:4)
  16 shadow dragons
  6 storm dragons
  Kirke (Lair:7)
  Ilsuiw (Shoals:4)
  9 greater nagas
  12 tengu reavers
  6 fire giants
  Wiglaf (Vaults:4)
  18 azure jellies
  5 revenants
  3 orc warlords (Zig:12)
  17 vault wardens
  11 deep elf sorcerers
  12 balrugs
  11 frost giants
  An emperor scorpion (Zig:6)
  5 iron dragons
  3 ghost moths (Zig:14)
  11 ghouls
  A draconian scorcher (Zig:13)
  3 deep elf elementalists
  A cacodemon (Hell)
  A draconian shifter (Depths:5)
  3 curse skulls
  A draconian annihilator (Zig:13)
  3 draconian zealots
  6 spriggan defenders
  6 caustic shrike skeletons (Depths:3)
  9 ironheart preservers
  2 draconian callers (Depths:5)
  39 stone giants
  16 war gargoyles
  26 very ugly things
  6 blood saints (Zig:13)
  36 reapers
  7 vampire knights
  4 elemental wellsprings
  2 green draconians
  A black sun (Zig:7)
  2 lorocyprocas
  Nessos (Lair:8)
  5 deep elf demonologists
  3 salamander stormcallers
  A black draconian (Depths:5)
  10 deep elf annihilators
  6 dire elephants
  7 bennus
  7 eidola
  6 spark wasps
  A purple draconian (Depths:5)
  A mottled draconian (Depths:5)
  An orange crystal statue (WizLab)
  10 blizzard demons
  9 deep elf death magi
  15 ettins
  A spectral quicksilver dragon (Zig:7)
  A green death (Dis:7)
  18 mummy priests
  24 jiangshi
  6 merfolk javelineers
  5 quicksilver dragon zombies
  A minotaur (Lab)
  A kraken zombie (Hell)
  7 merfolk impalers
  34 vault guards
  9 death oozes
  5 deep elf high priests
  19 fire dragons
  9 rakshasas
  24 ice dragons
  15 naga warriors
  4 quicksilver dragon skeletons
  The ghost of namelastname112 the Covert, a journeyman DrAs of Gozag (D:11)
  2 hell beasts (Geh:1)
  11 entropy weavers
  17 great orbs of eyes
  19 yaktaur captains
  8 hydras
  11 spriggan air magi
  A ghost crab (shapeshifter) (Vaults:4)
  5 merfolk avatars
  A catoblepas (Shoals:4)
  16 centaur warriors
  3 large abominations
  A queen ant (Lair:8)
  5 death knights
  11 anacondas
  22 dancing weapons
  23 death yaks
  An alligator snapping turtle (Shoals:4)
  4 tengu warriors
  9 deep troll shamans
  4 merfolk aquamancers
  15 ogre magi
  4 satyrs
  7 deep troll earth magi
  7 orc high priests
  16 hell hogs
  3 thrashing horrors (Zig:10)
  6 titan zombies
  9 spriggan berserkers
  8 vampire magi
  6 shock serpents
  A spectral storm dragon (Crypt:3)
  11 soul eaters
  9 naga sharpshooters
  26 hell knights
  14 sun demons
  5 iron golems
  14 small abominations
  29 deep elf knights
  47 spriggans
  2 storm dragon zombies
  Sonja (Orc:2)
  A fire crab (Vaults:1)
  3 salamander mystics
  4 titan skeletons
  The ghost of CcS the Cleaver, a novice MiBe of Trog (D:7)
  The ghost of CcS the Cleaver, a novice MiBe of Trog (D:8)
  87 death scarabs
  A spectral catoblepas (Crypt:3)
  11 iron trolls
  A spatial maelstrom (Zig:10)
  8 unseen horrors
  2 ghost moth zombies
  A spectral spriggan (Zig:7)
  13 shadow wraiths
  97 skeletal warriors
  4 golden dragon zombies
  4 swamp dragons
  7 flayed ghosts
  13 shadow demons
  2 storm dragon skeletons
  4 death drakes
  11 deep elf archers
  8 anaconda zombies
  6 giant orange brains
  27 deep trolls
  20 phantasmal warriors
  13 sea snakes
  An infernal demonspawn (Orc:2)
  2 torturous demonspawn (Orc:2)
  2 wizards
  A sphinx zombie (Vaults:3)
  7 spriggan druids (Depths:3)
  An unseen horror (shapeshifter) (Depths:3)
  10 naga ritualists
  3 shadow dragon zombies
  28 hill giants
  7 golden dragon skeletons
  28 anubis guards
  3 wolf spider zombies
  3 iron dragon zombies
  19 orc knights
  19 harpies
  19 necromancers
  18 ironbrand convokers
  71 deep elf magi
  5 anaconda skeletons
  Pikel (D:5)
  An apis zombie (Crypt:1)
  13 mana vipers
  5 wolf spiders
  34 ugly things
  8 stone giant zombies
  6 cyclopes
  2 manticores (shapeshifter) (Depths:2)
  14 orc sorcerers
  3 shining eyes
  2 hornets
  4 shadow dragon skeletons
  21 fauns
  6 frost giant zombies
  3 sixfirhies
  18 manticores
  An iron dragon skeleton (Tar:1)
  8 salamanders
  2 fire giant zombies
  A worldbinder (Depths:3)
  7 guardian serpents
  14 griffons
  2 moths of wrath (Zig:12)
  Maurice (D:11)
  3 dire elephant zombies
  24 rust devils
  5 elephants
  12 water nymphs
  9 sirens
  22 naga magi
  5 stone giant skeletons
  A black mamba (shapeshifter) (Elf:1)
  40 black mambas
  A titan simulacrum (Depths:1)
  2 fire giant skeletons
  A spriggan zombie (Depths:1)
  3 frost giant skeletons
  13 vault sentinels
  5 orange demons
  2 torpor snails
  6 eyes of devastation
  8 molten gargoyles
  7 smoke demons
  10 ice statues
  10 spiny frogs
  2 human zombies
  3 dire elephant skeletons
  40 yaktaurs
  5 kobold demonologists
  A storm dragon simulacrum (Coc:1)
  6 rime drakes
  5 demonic crawlers
  12 komodo dragons
  23 hellions
  2 efreet
  50 freezing wraiths
  45 ice devils
  A death yak skeleton (Crypt:2)
  3 anaconda simulacra (IceCv)
  34 merfolk
  A queen bee (shapeshifter) (Vaults:4)
  20 red devils
  3 tengu conjurers
  21 tormentors
  An entropy weaver zombie (Depths:1)
  42 guardian mummies
  A tengu simulacrum (Vaults:2)
  4 harpy zombies
  11 hydra zombies
  A troll (shapeshifter) (Vaults:3)
  A jumping spider (shapeshifter) (Zig:4)
  A merfolk (shapeshifter) (Depths:4)
  2 polar bears (shapeshifter)
  A queen bee (D:12)
  6 jumping spiders
  12 trolls
  23 two-headed ogres
  9 polar bears
  4 wind drakes
  62 slime creatures
  A harpy skeleton (Geh:6)
  3 hydra skeletons
  2 ice dragon zombies
  3 alligator zombies
  4 boulder beetles
  23 blink frogs
  A blink frog (shapeshifter) (Vaults:2)
  2 slime creatures (shapeshifter) (Depths:4)
  2 ettin zombies
  8 ushabtiu
  5 fire dragon zombies
  8 snapping turtles
  3 human simulacra
  3 ettin skeletons
  140 flying skulls
  5 redbacks
  A spriggan (shapeshifter) (Depths:3)
  6 alligator skeletons
  2 fire dragon skeletons
  3 ice dragon skeletons
  A black mamba zombie (Coc:3)
  27 shadows
  5 tarantellas
  A wind drake zombie (Crypt:2)
  21 wraiths
  2 dire elephant simulacra
  5 ynoxinuls
  12 air elementals
  32 water elementals
  2 elf skeletons
  63 yaks
  7 basilisks
  14 fire elementals
  10 golden eyes
  12 wyverns
  Grum (D:9)
  3 chaos spawn
  A hog (shapeshifter) (Vaults:5)
  A human (shapeshifter) (Vaults:3)
  A steam dragon (Zig:9)
  4 neqoxecs
  18 hippogriffs
  A golden eye (shapeshifter) (Depths:2)
  3 hungry ghosts
  A black mamba skeleton (Geh:1)
  24 vampire mosquitoes
  2 iron troll simulacra (IceCv)
  3 harpy simulacra
  A mottled dragon (D:14)
  A spatial vortex (Zig:10)
  A glowing shapeshifter zombie (Crypt:1)
  3 hydra simulacra
  51 nagas
  6 wargs
  5 soldier ants (Lair:8)
  A giant eyeball (Depths:1)
  A hell hound (shapeshifter) (Vaults:4)
  15 water moccasins
  A monstrous demonspawn skeleton (Tomb:3)
  12 porcupines
  42 hell hounds
  4 spiny frog zombies
  Duvessa (D:4)
  A deep troll skeleton (Vaults:3)
  A faun skeleton (Crypt:2)
  A gelid demonspawn skeleton (Crypt:2)
  5 phantoms
  A swamp drake (Zig:5)
  49 orc warriors
  3 spiny frog skeletons
  13 ice beasts
  3 sky beasts
  20 wasps
  9 black bears
  A slave (D:5)
  4 snapping turtle zombies
  An ettin simulacrum (Coc:7)
  53 ogres
  9 eyes of draining
  16 necrophages
  17 boggarts
  A manticore skeleton (Coc:7)
  15 wolves
  39 centaurs
  A snapping turtle skeleton (Geh:5)
  A blink frog skeleton (Crypt:2)
  11 big kobolds
  22 crocodiles
  The ghost of TheHangedMan the Conjurer, an amateur HEWz (D:3)
  An elf zombie (Tomb:1)
  Blork the orc (D:4)
  2 wyvern zombies
  3 earth elementals
  22 giant frogs
  2 gnoll sergeants
  2 spiny frog simulacra (Hell)
  A draconian skeleton (Crypt:1)
  5 human skeletons
  2 scorpions
  Dowan (D:4)
  A boulder beetle zombie (Crypt:1)
  2 swamp dragon simulacra
  17 killer bees (D:12)
  52 wights
  5 howler monkeys
  4 electric eels
  12 crimson imps
  31 jellies
  5 centaur zombies
  6 hounds
  30 orc priests
  2 giant frog zombies
  A quasit (D:10)
  26 orc wizards
  Crazy Yiuf (D:4)
  13 iron imps
  18 iguanas
  A lightning spire (Zig:8)
  6 hell rats (Hell)
  18 worker ants
  A boulder beetle simulacrum (Vaults:1)
  22 sheep
  A naga zombie (Crypt:1)
  A tengu zombie (Crypt:2)
  An ogre zombie (Crypt:1)
  A tengu skeleton (Crypt:1)
  A hound skeleton (D:5)
  50 mummies
  A howler monkey zombie (D:6)
  A howler monkey skeleton (D:10)
  18 gnolls
  20 adders
  54 river rats
  12 shadow imps
  30 white imps
  22 oozes
  An adder skeleton (D:4)
  5 worms
  4 dart slugs
  6 giant geckos
  119 orcs
  7 bats
  4 giant cockroaches
  A goblin (shapeshifter) (Vaults:5)
  10 goblins
  5 hobgoblins
  5 jackals (D:1)
  22 kobolds
  5 quokkas
  8 ball pythons
  A ball python zombie (D:6)
  3 giant newts
  A goblin zombie (Crypt:2)
  A hobgoblin zombie (Crypt:1)
  A jackal skeleton (Crypt:2)
  A quokka skeleton (D:6)
  5 rats
  A rat skeleton (Crypt:2)
  A crawling corpse (Vaults:4)
  An eldritch tentacle segment (Dis:2)
  A fire vortex (Geh:5)
  6 plants
  10 tentacles
  A tentacle segment (Shoals:1)
4368 creatures vanquished.

Vanquished Creatures (collateral kills)
  Saint Roka (Snake:4)
  Norris (Snake:2)
  A kraken (Shoals:1)
  A war gargoyle (Dis:7)
  A merfolk javelineer (Shoals:4)
  2 dire elephants (Lair:8)
  A great orb of eyes (Slime:6)
  A naga warrior (Snake:3)
  A hydra (Lair:1)
  A merfolk aquamancer (Shoals:4)
  An anaconda (Snake:4)
  2 naga sharpshooters
  A sea snake (Shoals:4)
  A naga ritualist (Snake:3)
  A hill giant (D:12)
  A mana viper (Snake:3)
  An orc sorcerer (Orc:2)
  A fire giant zombie (Dis:7)
  4 oklob plants (Zig:13)
  A moth of wrath (Zig:12)
  A salamander (Snake:4)
  5 fauns (Shoals:4)
  2 sirens (Shoals:4)
  A black mamba (Snake:3)
  A guardian serpent (Snake:3)
  2 komodo dragons (Lair:2)
  2 yaktaurs
  A troll (Snake:4)
  3 merfolk
  A wraith (Dis:7)
  5 yaks (D:12)
  2 water elementals
  2 hogs (Lair:7)
  3 nagas
  A hell hound (Dis:7)
  3 orc warriors
  3 ogres (Vaults:4)
  A wolf (Lair:2)
  A centaur (Shoals:4)
  A crocodile (Lair:8)
  A giant frog (Lair:6)
  2 orc wizards
  An iguana (Lair:2)
  5 sheep (Lair:8)
  4 orcs (Snake:4)
  A tentacle segment (Shoals:1)
80 creatures vanquished.

Vanquished Creatures (others)
  An ancient lich (Zig:13)
  An ancient champion (Tomb:3)
  A tengu reaver (Zig:13)
  An eldritch tentacle (Dis:2)
  A revenant (Tomb:1)
  A frost giant (Depths:4)
  A deep elf elementalist (Vaults:5)
  A stone giant (Vaults:5)
  2 elemental wellsprings (Coc:7)
  A bennu (Tomb:1)
  2 yaktaur captains
  A deep elf high priest (Elf:3)
  A satyr (Abyss:3)
  2 deep elf knights (Elf:2)
  22 death scarabs
  A shadow wraith (Vaults:3)
  An unseen horror (Vaults:1)
  2 deep elf archers (Elf:1)
  2 deep elf magi (Elf:2)
  A cyclops (Depths:3)
  A storm dragon simulacrum (Tomb:3)
  7 yaktaurs
  A two-headed ogre (Vaults:5)
  14 flying skulls
  A water elemental (Hell)
  2 hogs (Lair:7)
  An orc warrior (Vaults:5)
  An ettin simulacrum (Tomb:3)
  2 ogres (Vaults:5)
  A scorpion (D:5)
  A wight (Geh:4)
  A centaur skeleton (Geh:1)
  A jelly (D:5)
  An iron imp (Geh:1)
  6 mummies
  3 river rats
  A white imp (Coc:7)
  A kobold (D:7)
  3 eldritch tentacle segments (Dis:2)
  17 fungi
  6 lost souls
  18 plants
  22 tentacles
  794 tentacle segments
952 creatures vanquished.

Grand Total: 5400 creatures vanquished

Notes
Turn   | Place    | Note
--------------------------------------------------------------
     0 | D:1      | Liquid the Gargoyle Fighter began the quest for the Orb.
     0 | D:1      | Reached XP level 1. HP: 14/14 MP: 1/1
   219 | D:1      | Reached XP level 2. HP: 19/19 MP: 2/2
   490 | D:1      | Reached XP level 3. HP: 22/24 MP: 3/3
   864 | D:2      | Found a blossoming altar of Fedhas.
  1120 | D:2      | Reached XP level 4. HP: 23/29 MP: 4/4
  1303 | D:2      | Found a bloodstained altar of Trog.
  1335 | D:2      | Became a worshipper of Trog the Wrathful
  1397 | D:2      | Found a snail-covered altar of Cheibriados.
  1816 | D:3      | Found a sparkling altar of Nemelex Xobeh.
  1852 | D:3      | Noticed TheHangedMan's ghost (amateur HEWz)
  1864 | D:3      | Killed TheHangedMan's ghost
  1864 | D:3      | Reached XP level 5. HP: 28/34 MP: 5/5
  2123 | D:3      | Reached * piety under Trog
  2242 | D:3      | Reached skill level 5 in Maces & Flails
  2242 | D:3      | Reached XP level 6. HP: 36/40 MP: 6/6
  2556 | D:4      | Found a shadowy altar of Dithmenos.
  2625 | D:4      | Got a fine scale mail
  2636 | D:4      | Identified the +2 scale mail "Banyn" {MR+ MP+9} (You found it on level 4 of the Dungeon)
  2671 | D:4      | Reached skill level 5 in Fighting
  2688 | D:4      | Reached XP level 7. HP: 35/44 MP: 7/7
  2749 | D:4      | Noticed Crazy Yiuf
  2754 | D:4      | Killed Crazy Yiuf
  3057 | D:4      | Found an oddly glowing altar of Pakellas.
  3154 | D:4      | Found a glowing silver altar of Zin.
  3266 | D:4      | Reached ** piety under Trog
  3274 | D:4      | Noticed Blork the orc
  3286 | D:4      | Killed Blork the orc
  3309 | D:4      | Noticed Duvessa
  3310 | D:4      | Noticed Dowan
  3337 | D:4      | Killed Dowan
  3338 | D:4      | Killed Duvessa
  3363 | D:4      | Found a glowing golden altar of the Shining One.
  3564 | D:5      | Entered Level 5 of the Dungeon
  3579 | D:5      | Found a basalt altar of Yredelemnul.
  3608 | D:5      | Reached skill level 5 in Shields
  3608 | D:5      | Reached XP level 8. HP: 51/51 MP: 8/8
  3925 | D:5      | Noticed Pikel
  3942 | D:5      | Killed Pikel
  3956 | D:5      | Found Goruhih's Antique Armour Shop.
  4131 | D:5      | Reached XP level 9. HP: 50/57 MP: 9/9
  4379 | D:6      | Found an opulent altar of Gozag.
  4446 | D:6      | Reached *** piety under Trog
  4485 | D:6      | Found Vikhlyle's Elemental Accessories.
  4591 | D:6      | Found an iron altar of Okawaru.
  4763 | D:6      | Got a steaming rapier
  4765 | D:6      | Identified the +7 rapier of Uxudif {flame, rElec rF- Dex+9} (You found it on level 6 of the Dungeon)
  4812 | D:6      | Found a glowing drain.
  4817 | Sewer    | Entered a sewer
  5256 | Sewer    | Reached **** piety under Trog
  5657 | D:7      | Reached skill level 10 in Maces & Flails
  5702 | D:7      | Found a radiant altar of Vehumet.
  5707 | D:7      | Found a staircase to the Ecumenical Temple.
  5708 | D:7      | Noticed CcS's ghost (novice MiBe)
  5735 | D:7      | Killed CcS's ghost
  5735 | D:7      | Reached XP level 10. HP: 40/65 MP: 10/10
  6047 | D:7      | Got a shimmering leather armour
  6063 | D:7      | Identified the +3 leather armour of the Crypt {rElec rPois Int-5 Stlth+} (You found it on level 7 of the Dungeon)
  6236 | Temple   | Entered the Ecumenical Temple
  6320 | D:8      | Reached skill level 5 in Armour
  6362 | D:8      | Found a shimmering altar of Xom.
  6836 | D:8      | Noticed CcS's ghost (novice MiBe)
  7106 | D:8      | Killed CcS's ghost
  7423 | D:9      | Reached ***** piety under Trog
  7754 | D:9      | Noticed Grum
  7779 | D:9      | Killed Grum
  7779 | D:9      | Reached XP level 11. HP: 35/72 MP: 11/11
  7924 | D:9      | Got an encrusted falchion
  8068 | D:10     | Entered Level 10 of the Dungeon
  8085 | D:10     | Found a staircase to the Lair.
  8143 | D:10     | Found a shimmering altar of Xom.
  8176 | D:10     | Received a gift from Trog
  8380 | D:10     | Reached skill level 10 in Fighting
  8774 | D:11     | Noticed Maurice
  8798 | D:11     | Killed Maurice
  8848 | D:11     | Noticed a hill giant
  8855 | D:11     | Killed a hill giant
  9036 | D:11     | Received a gift from Trog
  9079 | D:11     | Identified the cursed +3 falchion "Jelly's Death Toll" {antimagic, MR++} (You found it on level 9 of the Dungeon)
  9229 | D:11     | Noticed namelastname112's ghost (journeyman DrAs)
  9256 | D:11     | Killed namelastname112's ghost
  9414 | D:11     | Noticed a hill giant
  9491 | D:11     | Killed a hill giant
 10207 | D:12     | Noticed a hill giant
 10210 | D:12     | Killed a hill giant
 10262 | D:12     | Reached XP level 12. HP: 76/79 MP: 12/12
 10770 | D:12     | Found a staircase to the Orcish Mines.
 10920 | D:12     | Received a gift from Trog
 10975 | D:12     | Noticed a death knight
 11087 | Lair:1   | Entered Level 1 of the Lair of Beasts
 11469 | Lair:1   | Noticed a seven-headed hydra
 11484 | Lair:1   | Killed an eight-headed hydra
 11702 | Lair:1   | Received a gift from Trog
 12393 | Lair:2   | Gained mutation: Your mind is acute. (Int +2) [potion of mutation]
 12393 | Lair:2   | Gained mutation: Your body sometimes deteriorates upon taking damage. [potion of mutation]
 12393 | Lair:2   | Gained mutation: You have supernaturally acute eyesight. [potion of mutation]
 12774 | Lair:2   | Reached XP level 13. HP: 33/85 MP: 13/13
 13379 | Lair:2   | Reached skill level 10 in Armour
 13619 | Lair:3   | Reached skill level 15 in Maces & Flails
 13788 | Lair:3   | Found a staircase to the Shoals.
 14083 | Lair:3   | Received a gift from Trog
 14602 | Lair:4   | Found a staircase to the Snake Pit.
 14690 | Lair:4   | Identified the Grimoire of Unholy Secrets
 15432 | Lair:4   | Received a gift from Trog
 15445 | Lair:4   | Reached skill level 10 in Shields
 16009 | Lair:5   | Gained mutation: Your large and strong wings let you fly indefinitely. [Gargoyle growth]
 16009 | Lair:5   | Reached XP level 14. HP: 74/92 MP: 14/14
 16363 | Lair:6   | Got an ancient lead ring
 16364 | Lair:6   | Identified the ring "Gipei" {+Fly rC- Str+3 Slay+3 SInv} (You found it on level 6 of the Lair of Beasts)
 16521 | Lair:6   | Received a gift from Trog
 16537 | Lair:6   | Reached ****** piety under Trog
 17288 | Lair:7   | Found a staircase to the Slime Pits.
 17305 | Lair:7   | Noticed Kirke
 17326 | Lair:7   | Killed Kirke
 17612 | Lair:7   | Noticed Nessos
 17614 | Lair:7   | Received a gift from Trog
 18115 | Lair:8   | Entered Level 8 of the Lair of Beasts
 18136 | Lair:8   | Killed Nessos
 18655 | Lair:8   | Noticed a dire elephant
 18655 | Lair:8   | Noticed a dire elephant
 18839 | Lair:8   | Noticed a dire elephant
 18849 | Lair:8   | Killed a dire elephant
 18858 | Lair:8   | Noticed a dire elephant
 18859 | Lair:8   | Noticed a dire elephant
 18860 | Lair:8   | Noticed a dire elephant
 18862 | Lair:8   | Killed a dire elephant
 18866 | Lair:8   | Killed a dire elephant
 18872 | Lair:8   | Killed a dire elephant
 18872 | Lair:8   | Reached XP level 15. HP: 97/101 MP: 15/15
 19589 | D:12     | Gained mutation: You are robust (+10% HP). [mutagenic meat]
 19590 | D:12     | Gained mutation: Your flesh is heat resistant. [mutagenic meat]
 19591 | D:12     | Gained mutation: You regenerate slowly when monsters are visible. [mutagenic meat]
 19722 | D:12     | Reached skill level 15 in Fighting
 19898 | Orc:1    | Entered Level 1 of the Orcish Mines
 20094 | Orc:1    | Received a gift from Trog
 20247 | Orc:2    | Entered Level 2 of the Orcish Mines
 20297 | Orc:2    | Found Yjentiy's Quality Used Wands.
 20304 | Orc:2    | Noticed Sonja
 20332 | Orc:2    | Killed Sonja
 20495 | Orc:2    | Found a staircase to the Elven Halls.
 20669 | Orc:2    | Found Xaehur Vucu's Distillery.
 20707 | Orc:2    | Found Keach's Distillery.
 20905 | Orc:2    | Received a gift from Trog
 21000 | Orc:2    | Bought a potion of mutation for 37 gold pieces
 21000 | Orc:2    | Gained mutation: You possess an exceptional clarity of mind. [potion of mutation]
 21000 | Orc:2    | Gained mutation: Your muscles are strong. (Str +2) [potion of mutation]
 21215 | Orc:2    | Paralysed by an orc sorcerer for 4 turns
 21538 | Orc:2    | Found Goidac's Antique Weapon Shoppe.
 21538 | Orc:2    | Found Meelehae's Book Emporium.
 21538 | Orc:2    | Found a one-way gate leading to the halls of Pandemonium.
 21796 | Orc:2    | Received a gift from Trog
 22256 | D:13     | Found a gate to the Vaults.
 22998 | D:14     | Reached XP level 16. HP: 111/121 MP: 16/16
 23157 | D:14     | Received a gift from Trog
 23596 | D:15     | Entered Level 15 of the Dungeon
 23854 | D:15     | Found a labyrinth entrance.
 23860 | Lab      | Entered a labyrinth
 25092 | D:15     | Found a staircase to the Depths.
 25638 | Snake:1  | Entered Level 1 of the Snake Pit
 25894 | Snake:1  | Received a gift from Trog
 26394 | Snake:1  | Found a sparkling altar of Nemelex Xobeh.
 26545 | Snake:2  | Noticed a greater naga
 26559 | Snake:2  | Killed a greater naga
 26570 | Snake:2  | Gained mutation: You tend to lose your temper in combat. [potion of mutation]
 26653 | Snake:2  | Noticed Norris
 26663 | Snake:2  | Killed Norris
 26665 | Snake:2  | Reached XP level 17. HP: 121/128 MP: 5/17
 28228 | Snake:3  | Received a gift from Trog
 28813 | Snake:4  | Entered Level 4 of the Snake Pit
 29081 | Snake:4  | Noticed Vashnia
 29155 | Snake:4  | Killed Vashnia
 29155 | Snake:4  | Reached skill level 15 in Armour
 29307 | Snake:4  | Received a gift from Trog
 29342 | Snake:4  | Reached XP level 18. HP: 86/137 MP: 3/18
 29367 | Snake:4  | Gained mutation: You have a pair of small horns on your head. [mutagenic meat]
 29421 | Snake:4  | Reached skill level 15 in Shields
 29503 | Snake:4  | Lost mutation: Your body sometimes deteriorates upon taking damage. [mutagenic meat]
 29504 | Snake:4  | Gained mutation: Your spells are a little harder to cast, but a little more powerful. [mutagenic meat]
 29516 | Snake:4  | Got a serpentine rune of Zot
 29570 | Snake:4  | Noticed Saint Roka
 29581 | Snake:4  | Killed Saint Roka
 29590 | Snake:4  | Received a gift from Trog
 29681 | Snake:4  | Got an encrusted cloak
 29692 | Snake:4  | Identified the +0 cloak "Ezacs" {rN+++ Str-2} (You found it on level 4 of the Snake Pit)
 29765 | Snake:4  | Gained mutation: You can translocate small distances at will. [mutagenic meat]
 29803 | Snake:4  | Noticed Agnes
 29810 | Snake:4  | Killed Agnes
 29855 | Snake:4  | Lost mutation: You have a pair of small horns on your head. [mutagenic meat]
 29897 | Snake:4  | Got a transparent platinum ring
 29952 | Snake:4  | Identified the ring "Pofeh" {rF+ EV+6 Slay+2} (You took it off a naga on level 4 of the Snake Pit)
 30113 | Snake:4  | Received a gift from Trog
 30496 | Shoals:1 | Entered Level 1 of the Shoals
 30708 | Shoals:1 | Found a frozen archway.
 30747 | IceCv    | Entered an ice cave
 31299 | IceCv    | Noticed an Ice Fiend
 31315 | IceCv    | Killed an Ice Fiend
 31440 | IceCv    | Gained mutation: You have sharp fingernails. [potion of mutation]
 31788 | Shoals:1 | Got a wavering wooden ring
 31790 | Shoals:1 | Identified the ring "Panikhlocal" {rElec MR+ MP+9 Slay+6} (You found it on level 1 of the Shoals)
 32351 | Shoals:2 | Received a gift from Trog
 32544 | Shoals:2 | Reached XP level 19. HP: 145/145 MP: 9/19
 32926 | Shoals:3 | Received a gift from Trog
 32950 | Shoals:3 | Got a pair of heavily runed gloves
 32962 | Shoals:3 | Identified the +4 pair of gloves of Charity {+Inv rElec rC- Stlth+} (You found it on level 3 of the Shoals)
 33242 | Shoals:4 | Entered Level 4 of the Shoals
 33495 | Shoals:4 | Noticed Ilsuiw
 33509 | Shoals:4 | Killed Ilsuiw
 33509 | Shoals:4 | Received a gift from Trog
 33676 | Shoals:4 | Noticed Polyphemus
 33712 | Shoals:4 | Killed Polyphemus
 33794 | Shoals:4 | Got a barnacled rune of Zot
 34217 | Vaults:1 | Entered Level 1 of the Vaults
 34522 | Vaults:1 | Reached XP level 20. HP: 154/154 MP: 9/20
 34646 | Vaults:1 | Received a gift from Trog
 34886 | Vaults:1 | Found Quinoich's Jewellery Shoppe.
 35601 | Vaults:2 | Received a gift from Trog
 35829 | Vaults:2 | Got a clouded amber ring
 36198 | Vaults:2 | Noticed Sojobo
 36230 | Vaults:2 | Killed Sojobo
 36235 | Vaults:2 | Identified the ring of Xom's Absentmindedness {rN+ Dex+2} (You found it on level 2 of the Vaults)
 36369 | Vaults:2 | Noticed Boris
 36380 | Vaults:2 | Killed Boris
 36928 | Vaults:3 | Found Mut Damaexo's Armour Shoppe.
 37055 | Vaults:3 | Reached XP level 21. HP: 160/161 MP: 10/21
 37293 | Vaults:3 | Found a staircase to the Crypt.
 37293 | Vaults:3 | Found an ancient bone altar of Kikubaaqudgha.
 37294 | Vaults:3 | Found a basalt altar of Yredelemnul.
 37389 | Vaults:3 | Received a gift from Trog
 38174 | Vaults:4 | Received a gift from Trog
 38211 | Vaults:4 | Found a magical portal.
 38227 | WizLab   | Entered Wucad Mu's Monastery
 39210 | Vaults:4 | Noticed Wiglaf
 39221 | Vaults:4 | Killed Wiglaf
 39281 | Vaults:4 | Received a gift from Trog
 39670 | Vaults:4 | Received a gift from Trog
 39842 | Vaults:4 | Lost mutation: You regenerate slowly when monsters are visible. [potion of beneficial mutation]
 39883 | Vaults:5 | Entered Level 5 of the Vaults
 39950 | Vaults:4 | Reached XP level 22. HP: 149/170 MP: 10/22
 40462 | Vaults:4 | Received a gift from Trog
 40493 | Vaults:5 | Noticed a golden dragon
 40493 | Vaults:5 | Noticed a golden dragon
 40516 | Vaults:4 | Killed a golden dragon
 40718 | Vaults:4 | Killed a golden dragon
 40836 | Vaults:5 | Noticed a golden dragon
 40971 | Vaults:5 | Noticed an ancient lich
 40974 | Vaults:5 | Killed a golden dragon
 41176 | Vaults:5 | Reached XP level 23. HP: 180/180 MP: 10/23
 41190 | Vaults:5 | Killed an ancient lich
 41704 | Vaults:5 | Got a pair of smoking gloves
 41715 | Vaults:5 | Identified the cursed +0 pair of gloves "Limyts" {rElec rN+ Int+3 Slay+2} (You found it on level 5 of the Vaults)
 41783 | Vaults:5 | Got a steaming granite ring
 41784 | Vaults:5 | Identified the ring "Wyutid" {rN+ MR++ Int+2 Dex-3 Stlth+} (You found it on level 5 of the Vaults)
 41958 | Vaults:5 | Got a silver rune of Zot
 42648 | Vaults:4 | Received a gift from Trog
 42987 | D:4      | Fell from the grace of Trog
 42987 | D:4      | Became a worshipper of the Shining One
 43213 | Depths:1 | Entered Level 1 of the Depths
 43262 | Depths:1 | Learned a level 3 spell: Regeneration
 43268 | Depths:1 | Reached XP level 24. HP: 189/189 MP: 10/29
 43322 | Depths:1 | Reached skill level 1 in Invocations
 43466 | Depths:1 | Reached * piety under the Shining One
 43545 | Depths:1 | Found a corrupted altar of Lugonu.
 43654 | Depths:1 | Found a gateway to Hell.
 44024 | Depths:1 | Found a gateway to a ziggurat.
 44495 | Depths:2 | Reached skill level 5 in Invocations
 44603 | Depths:2 | Reached ** piety under the Shining One
 44928 | Depths:2 | Reached XP level 25. HP: 169/195 MP: 12/29
 45855 | Depths:2 | Paralysed by Trog for 6 turns
 45989 | Depths:2 | Reached *** piety under the Shining One
 46060 | Depths:2 | Found Ushaoneth's Weapon Boutique.
 46489 | Depths:2 | Got a steaming flail
 46490 | Depths:2 | Identified the +2 flail of Power {crush, rElec MR+} (You found it on level 2 of the Depths)
 46855 | Depths:3 | Noticed Boris
 46884 | Depths:3 | Killed Boris
 46952 | Depths:3 | Reached skill level 10 in Invocations
 47004 | Depths:3 | Noticed Asterion
 47019 | Depths:3 | Killed Asterion
 47075 | Depths:3 | Cast into level 3 of the Abyss (spriggan rider)
 47081 | Abyss:3  | Found a shimmering altar of Xom.
 47082 | Abyss:3  | Found a shimmering altar of Xom.
 47083 | Abyss:3  | Found a corrupted altar of Lugonu.
 47084 | Abyss:3  | Found a shimmering altar of Xom.
 47084 | Abyss:3  | Found a shimmering altar of Xom.
 47084 | Abyss:3  | Found a shimmering altar of Xom.
 47085 | Abyss:3  | Found a shimmering altar of Xom.
 47085 | Abyss:3  | Found a shimmering altar of Xom.
 47085 | Abyss:3  | Found a shimmering altar of Xom.
 47085 | Abyss:3  | Found a shimmering altar of Xom.
 47086 | Abyss:3  | Found a shimmering altar of Xom.
 47086 | Abyss:3  | Found a shimmering altar of Xom.
 47095 | Abyss:3  | Found a shimmering altar of Xom.
 47124 | Abyss:3  | Reached **** piety under the Shining One
 47194 | Abyss:3  | Got an abyssal rune of Zot
 47262 | Depths:3 | Escaped the Abyss
 48345 | Depths:3 | Found a bloodstained altar of Trog.
 48768 | Depths:3 | Reached XP level 26. HP: 204/204 MP: 13/32
 48773 | Depths:3 | Noticed the Enchantress
 48809 | Depths:3 | Killed the Enchantress
 49486 | Depths:4 | Got a pitted mace
 49487 | Depths:4 | Identified the cursed +3 mace of Tension {flame, +Rage Str+4} (You found it on level 4 of the Depths)
 49676 | Depths:4 | Reached ***** piety under the Shining One
 50216 | Depths:4 | Found a one-way gate to the infinite horrors of the Abyss.
 50828 | Depths:5 | Entered Level 5 of the Depths
 50931 | Depths:5 | Reached skill level 15 in Invocations
 51005 | Depths:5 | Was forgiven by Trog
 52018 | Depths:5 | Found a gate to the Realm of Zot.
 52475 | Depths:5 | Reached XP level 27. HP: 212/212 MP: 14/34
 52734 | Elf:1    | Entered Level 1 of the Elven Halls
 53571 | Elf:1    | Identified a scroll of acquirement
 53656 | Elf:1    | Reached ****** piety under the Shining One
 53851 | Elf:2    | Found Ephoed's Jewellery Boutique.
 53868 | Elf:2    | Bought the amulet "Dumoerph" {Spirit rElec Str+3 Dex+4 Stlth+} for 1168 gold pieces
 53868 | Elf:2    | Bought the amulet "Dinaemyo" {Reflect Str+5 SH+4} for 807 gold pieces
 53868 | Elf:2    | Bought the ring "Femim" {*Drain rN++ Int+5 Slay+3} for 1248 gold pieces
 53978 | Elf:2    | Found a runed gate.
 53978 | Elf:2    | Found a runed gate.
 53980 | Elf:2    | Found a runed gate.
 54733 | Elf:3    | Entered Level 3 of the Elven Halls
 54761 | Elf:3    | Found a radiant altar of Vehumet.
 54890 | Elf:3    | Noticed Jorgrun
 54899 | Elf:3    | Killed Jorgrun
 55530 | Elf:3    | Got a fine pewter ring
 55891 | Vaults:3 | Identified a +9 eveningstar of holy wrath (a +9 antimagic eveningstar blessed by the Shining One)
 55891 | Vaults:3 | Received a gift from the Shining One
 55921 | Crypt:1  | Entered Level 1 of the Crypt
 56002 | Crypt:1  | Noticed Jory
 56016 | Crypt:1  | Killed Jory
 56891 | Crypt:2  | Noticed Mara
 56917 | Crypt:2  | Noticed Liquid's illusion
 56932 | Crypt:2  | Killed Mara
 57290 | Crypt:2  | Found a basalt altar of Yredelemnul.
 57359 | Crypt:2  | Identified the ring "Doeti" {rF+ Int+4} (You took it off a deep elf mage on level 3 of the Elven Halls)
 57641 | Crypt:3  | Entered Level 3 of the Crypt
 57917 | Crypt:3  | Found an ancient bone altar of Kikubaaqudgha.
 58157 | Crypt:3  | Got a shimmering lead ring
 58161 | Crypt:3  | Identified the ring of Agic {rElec rF+ rC+++ Str-5 Int-2} (You found it on level 3 of the Crypt)
 58435 | Crypt:3  | Found a staircase to the Tomb.
 58502 | Crypt:3  | Got a pair of transparent gloves
 58516 | Crypt:3  | Identified the +2 pair of gloves of Grottiness {Str+4} (You found it on level 3 of the Crypt)
 58551 | Tomb:1   | Entered Level 1 of the Tomb of the Ancients
 58996 | Tomb:1   | Noticed a greater mummy
 59430 | Tomb:1   | Killed a greater mummy
 59480 | Tomb:1   | Noticed a greater mummy
 59491 | Tomb:1   | Killed a greater mummy
 59803 | Tomb:2   | Noticed a greater mummy
 59803 | Tomb:2   | Noticed a greater mummy
 59804 | Tomb:2   | Noticed a greater mummy
 59807 | Tomb:2   | Noticed a greater mummy
 60035 | Tomb:2   | Killed a greater mummy
 60036 | Tomb:2   | Killed a greater mummy
 60036 | Tomb:2   | Killed a greater mummy
 60039 | Tomb:2   | Killed a greater mummy
 60399 | Tomb:1   | Noticed a greater mummy
 60400 | Tomb:1   | Noticed a greater mummy
 60400 | Tomb:1   | Noticed a greater mummy
 60400 | Tomb:1   | Noticed a greater mummy
 60400 | Tomb:1   | Noticed a greater mummy
 60401 | Tomb:1   | Noticed a greater mummy
 60403 | Tomb:1   | Noticed a greater mummy
 60403 | Tomb:1   | Killed a greater mummy
 60404 | Tomb:1   | Killed a greater mummy
 60406 | Tomb:1   | Killed a greater mummy
 60410 | Tomb:1   | Killed a greater mummy
 60700 | Tomb:1   | Killed a greater mummy
 60704 | Tomb:1   | Killed a greater mummy
 60704 | Tomb:1   | Reached skill level 27 in Fighting
 60706 | Tomb:1   | Killed a greater mummy
 60847 | Tomb:1   | Noticed a greater mummy
 60855 | Tomb:1   | Killed a greater mummy
 60869 | Tomb:1   | Noticed a greater mummy
 60879 | Tomb:1   | Killed a greater mummy
 60895 | Tomb:1   | Noticed a greater mummy
 60896 | Tomb:1   | Noticed a greater mummy
 60901 | Tomb:1   | Killed a greater mummy
 60908 | Tomb:1   | Killed a greater mummy
 60929 | Tomb:1   | Noticed a greater mummy
 60935 | Tomb:1   | Killed a greater mummy
 60994 | Tomb:1   | Noticed a greater mummy
 61011 | Tomb:1   | Killed a greater mummy
 61074 | Tomb:1   | Noticed a greater mummy
 61078 | Tomb:1   | Killed a greater mummy
 61143 | Tomb:1   | Noticed a greater mummy
 61145 | Tomb:1   | Noticed a greater mummy
 61149 | Tomb:1   | Noticed a greater mummy
 61149 | Tomb:1   | Killed a greater mummy
 61152 | Tomb:1   | Noticed a greater mummy
 61154 | Tomb:1   | Noticed a greater mummy
 61155 | Tomb:1   | Noticed a greater mummy
 61160 | Tomb:1   | Noticed a greater mummy
 61161 | Tomb:1   | Killed a greater mummy
 61163 | Tomb:1   | Noticed a greater mummy
 61168 | Tomb:1   | Killed a greater mummy
 61174 | Tomb:1   | Noticed a greater mummy
 61176 | Tomb:1   | Noticed a greater mummy
 61176 | Tomb:1   | Killed a greater mummy
 61180 | Tomb:1   | Killed a greater mummy
 61186 | Tomb:1   | Killed a greater mummy
 61194 | Tomb:1   | Killed a greater mummy
 61202 | Tomb:1   | Killed a greater mummy
 61217 | Tomb:1   | Killed a greater mummy
 61230 | Tomb:1   | Killed a greater mummy
 61701 | Tomb:3   | Entered Level 3 of the Tomb of the Ancients
 61718 | Tomb:3   | Noticed a greater mummy
 61722 | Tomb:3   | Noticed a greater mummy
 61732 | Tomb:3   | Killed a greater mummy
 61738 | Tomb:3   | Killed a greater mummy
 61744 | Tomb:3   | Noticed a greater mummy
 61756 | Tomb:3   | Killed a greater mummy
 61928 | Tomb:3   | Gained mutation: You have sharp toenails. [potion of beneficial mutation]
 61966 | Tomb:3   | Noticed a greater mummy
 61976 | Tomb:3   | Killed a greater mummy
 62135 | Tomb:3   | Noticed a greater mummy
 62144 | Tomb:3   | Killed a greater mummy
 62145 | Tomb:3   | Noticed a greater mummy
 62155 | Tomb:3   | Killed a greater mummy
 62204 | Tomb:3   | Noticed Khufu
 62211 | Tomb:3   | Killed Khufu
 62227 | Tomb:3   | Noticed a greater mummy
 62243 | Tomb:3   | Killed a greater mummy
 62289 | Tomb:3   | Noticed a greater mummy
 62298 | Tomb:3   | Killed a greater mummy
 62325 | Tomb:3   | Got a golden rune of Zot
 62437 | Tomb:3   | Got a sparkling copper ring
 62541 | Tomb:3   | Identified the ring of the Good {MR+ Int+4 Slay+5} (You found it on level 3 of the Tomb of the Ancients)
 63415 | Slime:1  | Entered Level 1 of the Pits of Slime
 63451 | Slime:2  | Gained mutation: Armour fits poorly on your strangely shaped body. [a shining eye]
 63999 | Slime:6  | Entered Level 6 of the Pits of Slime
 64024 | Slime:6  | Noticed the Royal Jelly
 64705 | Slime:6  | Killed the Royal Jelly
 65613 | Slime:6  | Got a pair of shimmering gloves
 65624 | Slime:6  | Identified the +2 pair of gloves of Space {rElec rF++ Str+2} (You found it on level 6 of the Pits of Slime)
 65642 | Slime:6  | Got a slimy rune of Zot
 65675 | Slime:6  | Got a translucent ivory ring
 65695 | Slime:6  | Identified the ring of Ulel {+Inv rC+ Int+3 Dex+4} (You found it on level 6 of the Pits of Slime)
 66214 | Hell     | Entered the Vestibule of Hell
 66214 | Hell     | Noticed Geryon
 66245 | Hell     | Killed Geryon
 66261 | Hell     | Reached skill level 27 in Invocations
 66358 | Hell     | Found a gateway to the ashen valley of Gehenna.
 66431 | Hell     | Found a gateway to the Iron City of Dis.
 66483 | Hell     | Found a gateway to the decaying netherworld of Tartarus.
 66492 | Hell     | Reached skill level 27 in Maces & Flails
 66496 | Tar:1    | Entered Level 1 of Tartarus
 67464 | Tar:7    | Entered Level 7 of Tartarus
 68109 | Tar:7    | Noticed Ereshkigal
 68124 | Tar:7    | Paralysed by Ereshkigal for 6 turns
 68135 | Tar:7    | Killed Ereshkigal
 68149 | Tar:7    | Got a bone rune of Zot
 68433 | Geh:1    | Entered Level 1 of Gehenna
 68462 | Geh:1    | Found a basalt altar of Yredelemnul.
 69488 | Geh:7    | Entered Level 7 of Gehenna
 69766 | Geh:7    | Noticed the Serpent of Hell
 69780 | Geh:7    | Killed the Serpent of Hell
 69945 | Geh:7    | Noticed Asmodeus
 69971 | Geh:7    | Killed Asmodeus
 70004 | Geh:7    | Got an obsidian rune of Zot
 70300 | Hell     | Found a gateway to the freezing wastes of Cocytus.
 70317 | Coc:1    | Entered Level 1 of Cocytus
 70896 | Coc:7    | Entered Level 7 of Cocytus
 71304 | Coc:7    | Got a twisted mace
 71305 | Coc:7    | Identified the cursed +3 mace of Udaynn {crush, rElec rF+} (You found it on level 7 of Cocytus)
 71321 | Coc:7    | Got a crude jade ring
 71644 | Coc:7    | Noticed Antaeus
 71664 | Coc:7    | Killed Antaeus
 71719 | Coc:7    | Got a slimy steel ring
 71722 | Coc:7    | Identified the ring "Hero's Friend" {rCorr Str+4} (You took it off Antaeus on level 7 of Cocytus)
 71724 | Coc:7    | Identified the ring "Rammot" {rCorr Dex+6 Slay+3} (You took it off a frost giant on level 7 of Cocytus)
 71735 | Coc:7    | Got an icy rune of Zot
 71893 | Coc:7    | Lost mutation: You are robust (+10% HP). [mutagenic glow]
 71988 | Hell     | Gained mutation: You are covered in fur (AC +1). [mutagenic glow]
 72116 | Dis:1    | Entered Level 1 of the Iron City of Dis
 72553 | Dis:3    | Reached skill level 27 in Armour
 72676 | Dis:3    | You are sucked into a shaft for 2 floors!
 72706 | Dis:5    | You are sucked into a shaft!
 72727 | Dis:6    | Reached skill level 27 in Shields
 72737 | Dis:6    | Reached skill level 1 in Charms
 72737 | Dis:6    | Reached skill level 1 in Necromancy
 72787 | Dis:7    | Entered Level 7 of the Iron City of Dis
 72932 | Dis:7    | Reached skill level 5 in Spellcasting
 73293 | Dis:7    | Reached skill level 5 in Charms
 73576 | Zig:1    | Entered Level 1 of a ziggurat
 73602 | Zig:2    | Entered Level 2 of a ziggurat
 73611 | Zig:2    | Reached skill level 5 in Necromancy
 73635 | Zig:3    | Entered Level 3 of a ziggurat
 73636 | Zig:3    | Noticed Iroehut the pandemonium lord
 73650 | Zig:3    | Killed Iroehut the pandemonium lord
 73655 | Zig:3    | Got a fine golden ring
 73663 | Zig:3    | Identified the ring of Utelef {+Fly Int+4} (You found it on level 3 of a ziggurat)
 73670 | Zig:4    | Entered Level 4 of a ziggurat
 73724 | Zig:5    | Entered Level 5 of a ziggurat
 73762 | Zig:5    | Got a shimmering glass ring
 73765 | Zig:5    | Identified the ring of Ejutzin {rN+ Int+3 SInv} (You found it on level 5 of a ziggurat)
 73769 | Zig:6    | Entered Level 6 of a ziggurat
 73831 | Zig:7    | Entered Level 7 of a ziggurat
 73919 | Zig:8    | Entered Level 8 of a ziggurat
 73995 | Zig:8    | Got a fine cloak
 74006 | Zig:8    | Identified the -3 cloak of the Present {Dex+3} (You acquired it on level 8 of a ziggurat)
 74020 | Zig:9    | Entered Level 9 of a ziggurat
 74102 | Zig:9    | Got a fine morningstar
 74103 | Zig:9    | Identified the +4 morningstar of Terra Cotta {crush, rC+ Str-5 Stlth+} (You found it on level 9 of a ziggurat)
 74114 | Zig:10   | Entered Level 10 of a ziggurat
 74244 | Zig:10   | Identified the Incunabulum of the Ensnaring Birds (You found it on level 10 of a ziggurat)
 74264 | Zig:10   | Learned a level 9 spell: Tornado
 74281 | Zig:11   | Entered Level 11 of a ziggurat
 74319 | Zig:11   | Reached skill level 1 in Air Magic
 74342 | Zig:11   | Reached skill level 10 in Spellcasting
 74388 | Zig:11   | Got a warped tin ring
 74397 | Zig:11   | Got a clouded ivory amulet
 74401 | Zig:11   | Identified the amulet of the Barracuda {Gourm Int+3 Dex+2} (You found it on level 11 of a ziggurat)
 74405 | Zig:11   | Identified the ring of Departure {rN+ MR- MP+9 Dex+4 SInv} (You found it on level 11 of a ziggurat)
 74514 | Zig:12   | Entered Level 12 of a ziggurat
 74523 | Zig:12   | Noticed a juggernaut
 74524 | Zig:12   | Noticed a juggernaut
 74534 | Zig:12   | Noticed a juggernaut
 74538 | Zig:12   | Killed a juggernaut
 74542 | Zig:12   | Noticed a juggernaut
 74543 | Zig:12   | Killed a juggernaut
 74557 | Zig:12   | Killed a juggernaut
 74572 | Zig:12   | Killed a juggernaut
 74637 | Zig:13   | Entered Level 13 of a ziggurat
 74745 | Zig:13   | Reached skill level 5 in Air Magic
 74747 | Zig:13   | Noticed an ancient lich
 74756 | Zig:13   | Noticed an ancient lich
 74767 | Zig:13   | Killed an ancient lich
 74776 | Zig:13   | Killed an ancient lich
 74909 | Zig:13   | Got a smoking pewter ring
 74911 | Zig:13   | Identified the ring "Ycuser" {rPois MR- EV+4 Dex+7 Slay+3} (You found it on level 13 of a ziggurat)
 74930 | Zig:13   | Got a faintly glowing tin amulet
 74974 | Zig:13   | Identified the amulet "Paygeq" {Inacc Str+2 Int+4} (You found it on level 13 of a ziggurat)
 74981 | Zig:14   | Entered Level 14 of a ziggurat
 75010 | Zig:14   | Reached skill level 1 in Dodging
 75087 | Zig:14   | HP: 3/214 [wolf spider (9)]
 75088 | Zig:14   | Mangled by a wolf spider

Skill      XL: |  1  2  3  4  5  6  7  8  9 10 11 12 13 14 15 16 17 18 19 20 21 22 23 24 25 26 27 |
---------------+----------------------------------------------------------------------------------+-----
Maces & Flails | 3 4 5 7 8 10 11 13 14 15 16 17 18 19 20 21 22 27 | 27.0
Fighting       | 4 5 6 7 8 9 10 11 12 14 16 17 18 19 20 21 22 23 24 25 27 | 27.0
Shields        | 4 5 6 7 8 10 11 12 13 14 16 17 18 19 20 27 | 27.0
Armour         | 4 6 8 9 10 11 13 14 15 16 17 18 19 20 27 | 27.0
Spellcasting   | 4 11 | 11.8
Invocations    | 6 12 15 27 | 27.0
Charms         | 8 |  8.2
Necromancy     | 7 |  7.6
Air Magic      | 6 |  6.4
Dodging        | 3 |  3.1

Action                   |  1- 3 |  4- 6 |  7- 9 | 10-12 | 13-15 | 16-18 | 19-21 | 22-24 | 25-27 || total
-------------------------+-------+-------+-------+-------+-------+-------+-------+-------+-------++-------
Melee: Flail             |   121 |   155 |    34 |  1241 |   295 |       |       |       |       ||  1846
       Whip              |       |       |   278 |    24 |       |       |       |       |       ||   302
       Rapier            |       |       |   112 |       |       |       |       |       |       ||   112
       Demon whip        |       |       |       |       |   259 |       |       |       |       ||   259
       Morningstar       |       |       |       |       |  1251 |    59 |       |       |       ||  1310
       Eveningstar       |       |       |       |       |       |  1416 |  1793 |   897 |  6250 || 10356
       Headbutt          |       |       |       |       |       |    39 |       |       |       ||    39
Throw: Javelin           |       |       |     4 |     5 |     1 |       |       |       |       ||    10
Invok: Berserk           |       |       |       |     3 |     5 |     6 |       |       |       ||    14
       Burn Spellbooks   |       |       |       |     2 |     2 |       |     1 |       |       ||     5
       Trog's Hand       |       |       |       |     5 |    13 |    22 |    21 |    22 |       ||    83
       Brothers in Arms  |       |       |       |     3 |     3 |     6 |     3 |     2 |       ||    17
       Divine Shield     |       |       |       |       |       |       |       |     1 |    31 ||    32
       Cleansing Flame   |       |       |       |       |       |       |       |       |   156 ||   156
       Summon Divine War |       |       |       |       |       |       |       |       |     6 ||     6
       Brand Weapon With |       |       |       |       |       |       |       |       |     1 ||     1
 Abil: Evoke Berserk Rag |       |       |     1 |       |       |       |       |       |       ||     1
       Fly               |       |       |       |       |       |     1 |       |       |     2 ||     3
       Stop Flying       |       |       |       |       |       |       |     1 |       |     1 ||     2
Evoke: Wand              |       |       |       |       |     2 |     2 |       |     6 |    39 ||    49
  Use: Potion            |     1 |       |       |     2 |     2 |     3 |     1 |     5 |    18 ||    32
       Scroll            |       |     7 |     6 |    11 |    12 |    15 |     7 |    11 |    37 ||   106
 Stab: Distracted        |       |       |       |       |       |       |       |       |     2 ||     2
  Eat: Chunk             |     1 |     5 |    12 |    24 |    46 |    31 |    20 |    13 |    13 ||   165
       Fruit             |       |       |       |     2 |     1 |    22 |     2 |       |    22 ||    49
       Royal jelly       |       |       |       |     1 |       |       |       |     4 |    11 ||    16
       Meat ration       |       |       |       |     1 |       |       |       |       |     2 ||     3
       Pizza             |       |       |       |       |       |     4 |     8 |       |     2 ||    14
       Beef jerky        |       |       |       |       |       |       |       |       |    25 ||    25
       Bread ration      |       |       |       |       |       |       |       |       |     9 ||     9
Armor: Scale mail        |    82 |    79 |   162 |    87 |       |       |       |       |       ||   410
       Plate armour      |       |       |       |   605 |   778 |   638 |   975 |   179 |       ||  3175
       Gold dragon armou |       |       |       |       |       |       |       |   421 |  4302 ||  4723
Dodge: Dodged            |    43 |    42 |    78 |   269 |   311 |   356 |   644 |   313 |  1131 ||  3187
Block: Shield            |    70 |    67 |   210 |   658 |   897 |       |       |   528 |  1699 ||  4129
       Large shield      |       |       |       |       |    92 |  1629 |  2251 |   471 |  6482 || 10925
       Reflection        |       |       |       |       |       |       |       |    31 |   162 ||   193
